Canadiens vs Canucks

Created - November-23-14 at 10:55

Goals
1 2 3 T
Canadiens 0 0 2 2
Canucks 2 1 1 4
Shots
1 2 3 T
Canadiens 10 4 10 24
Canucks 10 9 6 25

1st period

1. Canucks , Claude Giroux 12 (Adam Henrique, P.K. Subban) at 0:46
2. Canucks , Justin Braun 2 (Ryan OReilly) at 4:42 (SH)

Penalties :
Ryan OReilly (VAN) for Cross-checking (Minor) at 1:06, Dmitry Kulikov (VAN) for Interference (Minor) at 3:28

2nd period

3. Canucks , Nazem Kadri 7 (Brent Burns, Justin Braun) at 5:29

Penalties :
Steve Oleksy (MTL) for High sticking (Minor) at 5:56, Radim Vrbata (MTL) for Goalie Interference (Minor) at 6:55, Vladimir Sobotka (VAN) for Tripping (Minor) at 19:53

3rd period

4. Canadiens , Duncan Keith 3 (Dan Girardi, Alexander Steen) at 3:25 (PP)
5. Canucks , Erik Karlsson 2 (Logan Couture) at 16:02 (PP)
6. Canadiens , Alexander Steen 17 (Dan Girardi, Mason Raymond) at 18:29

Penalties :
Ryan Johansen (VAN) for Hooking (Minor) at 3:21, Mason Raymond (MTL) for Hooking (Minor) at 16:00

Goalie Stats

Jonathan Bernier (MTL), 21 saves from 25 shots - (0.840), L, 5-8-1, 60:00 minutes
Dustin Tokarski (VAN), 22 saves from 24 shots - (0.917), W, 4-1-1, 60:00 minutes

Players Stats for Canadiens

Player Name              G  A  P  +/- PIM S  H  SB GA TA FO     MP     PP MP  PK MP  
------------------------------------------------------------------------------------
Alexander Edler          0  0  0  -2  0   1  2  0  0  0  0/0    22:18   2:54   0:00 
Alexander Killorn        0  0  0  -1  0   0  0  0  0  0  5/14    9:34   0:00   0:39 
Alexander Steen          1  1  2  -1  0   5  2  0  0  0  13/22  19:57   3:00   0:27 
Brenden Morrow           0  0  0  -1  0   0  2  0  0  0  0/0     9:13   0:00   0:18 
Cam Fowler               0  0  0  -2  0   2  1  1  0  0  0/0    23:36   2:54   1:18 
Chris Kunitz             0  0  0   0  0   1  2  1  0  0  1/1    22:01   3:01   1:54 
Dan Girardi              0  2  2   0  0   2  1  2  0  0  0/0    24:03   3:07   1:42 
Duncan Keith             1  0  1   0  0   2  0  1  0  0  0/0    24:03   3:07   1:42 
Jonathan Toews           0  0  0   0  0   3  0  0  0  0  10/20  21:48   3:01   1:41 
Jordan Eberle            0  0  0   0  0   2  0  0  0  0  2/3    20:07   3:01   0:00 
Manny Malhotra           0  0  0   0  0   0  1  0  0  0  4/10    8:28   0:00   0:00 
Martin Erat              0  0  0   0  0   1  2  0  0  0  0/0     8:28   0:00   0:00 
Mason Raymond            0  1  1  -1  2   3  0  0  0  0  1/1    19:29   3:00   0:00 
Radim Vrbata             0  0  0  -1  2   2  5  0  0  0  0/3    19:30   3:00   0:00 
Radko Gudas              0  0  0   0  0   0  2  2  0  0  0/0    13:39   0:00   1:18 
Saku Koivu               0  0  0  -1  0   0  0  0  0  0  1/2     8:55   0:00   0:00 
Steve Oleksy             0  0  0   0  2   0  0  0  0  0  0/0    12:20   0:00   0:00 
Sven Baertschi           0  0  0   0  0   0  0  0  0  0  0/0     8:28   0:00   0:00 

Players Stats for Canucks

Player Name              G  A  P  +/- PIM S  H  SB GA TA FO     MP     PP MP  PK MP  
------------------------------------------------------------------------------------
Adam Henrique            0  1  1   2  0   0  2  0  0  0  2/2    19:35   0:00   2:10 
Alex Pietrangelo         0  0  0   1  0   0  0  0  0  0  0/0    22:36   1:31   3:13 
Andrei Markov            0  0  0  -1  0   1  0  1  0  0  0/0    20:12   0:00   3:13 
Brent Burns              0  1  1   1  0   6  1  0  0  0  0/0    14:39   1:29   0:00 
Chris Kreider            0  0  0   0  0   1  0  0  0  0  0/1     4:39   0:00   0:00 
Claude Giroux            1  0  1   1  0   4  2  0  0  0  12/21  18:52   1:27   0:00 
Dmitry Kulikov           0  0  0   0  2   0  1  1  0  0  0/0     3:24   0:00   0:00 
Erik Karlsson            1  0  1  -1  0   2  4  1  0  0  0/0    21:53   1:29   0:00 
Jonas Brodin             0  0  0   2  0   0  0  0  0  0  0/0    15:31   0:00   2:48 
Justin Braun             1  1  2   2  0   1  3  1  0  0  0/0    15:31   0:00   2:48 
Logan Couture            0  1  1  -1  0   1  4  0  0  0  10/23  21:12   1:33   3:54 
Marcus Kruger            0  0  0   0  0   0  0  2  0  0  6/13    8:30   0:00   3:51 
Nazem Kadri              1  0  1   1  0   4  3  0  0  0  0/1    15:36   1:33   0:53 
P.K. Subban              0  1  1   1  0   0  3  3  0  0  0/0    19:23   1:31   0:00 
Phil Kessel              0  0  0  -1  0   2  0  0  0  0  0/1    21:51   1:27   0:00 
Ryan Johansen            0  0  0   1  2   3  2  0  0  0  0/1    18:51   1:27   0:00 
Ryan OReilly             0  1  1   0  2   0  3  1  0  0  0/2    18:31   1:33   1:14 
Vladimir Sobotka         0  0  0   1  2   0  0  0  0  0  9/11   13:09   0:00   0:00 

3 Stars

1 - Justin Braun (VAN)
2 - Nazem Kadri (VAN)
3 - Alexander Steen (MTL)

Power Play

Canadiens - 1 on 4 Attempt(s) - 25.00%
Canucks - 1 on 3 Attempt(s) - 33.33%

Penalty Kill

Canadiens - 2 on 3 Attempt(s) - 66.67% - Score 0 goal in Penalty Kill
Canucks - 3 on 4 Attempt(s) - 75.00% - Score 1 goal in Penalty Kill

Official

Referees : Kelly Sutherland and Mike Hasenfratz
Linesman : Mark Shewchyk and Brian Mach

Game Notes

No Game Note

Finance

Level 1 -- Attendance: 6500 (100.00%) -- Ticket Income $520,000
Level 2 -- Attendance: 4840 (96.80%) -- Ticket Income $314,600
Level 3 -- Attendance: 3122 (89.20%) -- Ticket Income $156,100
Level 4 -- Attendance: 2823 (98.71%) -- Ticket Income $70,575
Luxury Box -- Attendance: 632 (63.20%) -- Ticket Income $158,000
Game was played at the Rogers Arena
Total Attendance: 17917 (95.00%)
Total Ticket Income: $1,219,275
Other Income: $182,891
Total Income: $1,402,166

% Time on Ice - Canadiens

Lines # - Real PCT - Wanted PCT - Time Play
Normal Forward
1 - 34% - 33% - 17:06
2 - 32% - 32% - 16:30
3 - 17% - 18% - 8:55
4 - 17% - 17% - 8:28
Normal Defense
1 - 38% - 37% - 19:14
2 - 38% - 36% - 19:24
3 - 13% - 14% - 6:27
4 - 12% - 13% - 5:54
PP Forward
1 - 50% - 60% - 3:01
2 - 50% - 40% - 3:00
PP Defense
1 - 52% - 50% - 3:07
2 - 48% - 50% - 2:54
PK Forward
1 - 84% - 60% - 1:41
2 - 16% - 40% - 0:19
PK Defense
1 - 68% - 60% - 1:21
2 - 33% - 40% - 0:39
PK3 Forward
1 - 100% - 60% - 1:00
2 - 0% - 40% - 0:00
PK3 Defense
1 - 35% - 60% - 0:21
2 - 65% - 40% - 0:39
44 Forward
1 - 0% - 60%
2 - 0% - 40%
44 Defense
1 - 0% - 60%
2 - 0% - 40%
Last Minute Offensive  - 0:00
Last Minute Defensive  - 0:00
Total
Forward - 60:00
Defense - 60:00

% Time on Ice - Canucks

Lines # - Real PCT - Wanted PCT - Time Play
Normal Forward
1 - 34% - 34% - 17:25
2 - 31% - 31% - 15:45
3 - 26% - 25% - 13:10
4 - 9% - 10% - 4:39
Normal Defense
1 - 35% - 34% - 17:52
2 - 33% - 32% - 16:59
3 - 25% - 25% - 12:43
4 - 7% - 9% - 3:25
PP Forward
1 - 48% - 60% - 1:27
2 - 52% - 40% - 1:33
PP Defense
1 - 49% - 62% - 1:29
2 - 51% - 38% - 1:31
PK Forward
1 - 65% - 60% - 3:54
2 - 35% - 40% - 2:07
PK Defense
1 - 53% - 50% - 3:13
2 - 47% - 50% - 2:48
PK3 Forward
1 - 0% - 60%
2 - 0% - 40%
PK3 Defense
1 - 0% - 60%
2 - 0% - 40%
44 Forward
1 - 0% - 52%
2 - 0% - 48%
44 Defense
1 - 0% - 51%
2 - 0% - 49%
Last Minute Offensive  - 0:00
Last Minute Defensive  - 0:00
Total
Forward - 60:00
Defense - 60:00

Play by Play

1st period


0:01 of 1st period - Claude Giroux wins face-off versus Jonathan Toews in neutral zone.
0:21 of 1st period - Icing by Alex Pietrangelo.
0:22 of 1st period - Mason Raymond wins face-off versus Claude Giroux in Canucks zone.
0:26 of 1st period - Icing by Ryan Johansen.
0:27 of 1st period - Alexander Killorn wins face-off versus Claude Giroux in Canucks zone.
0:30 of 1st period - Shot by Alexander Edler.
0:30 of 1st period - Shot Misses the Net.
0:41 of 1st period - Claude Giroux is hit by Alexander Edler and loses puck.
0:44 of 1st period - Shot by Claude Giroux.
0:44 of 1st period - Stopped by Jonathan Bernier with a rebound.
0:46 of 1st period - Shot by Adam Henrique.
0:46 of 1st period - Deflect By Claude Giroux.
0:46 of 1st period - Goal by Claude Giroux - Canadiens : 0 - Canucks : 1.
0:47 of 1st period - Alexander Steen wins face-off versus Logan Couture in neutral zone.
1:05 of 1st period - Alexander Steen is hit by Ryan OReilly and loses puck.
1:06 of 1st period - Minor Penalty to Ryan OReilly for Cross-checking.
1:07 of 1st period - Jonathan Toews wins face-off versus Marcus Kruger in Canucks zone.
1:35 of 1st period - Off-side.
1:36 of 1st period - Alexander Steen wins face-off versus Nazem Kadri in neutral zone.
2:11 of 1st period - Shot by Alexander Steen.
2:11 of 1st period - Shot Misses the Net.
2:47 of 1st period - Shot by Dan Girardi.
2:47 of 1st period - Stopped by Dustin Tokarski without a rebound.
2:48 of 1st period - Marcus Kruger wins face-off versus Jonathan Toews in Canucks zone.
3:18 of 1st period - Erik Karlsson is hit by Manny Malhotra and loses puck.
3:28 of 1st period - Minor Penalty to Dmitry Kulikov for Interference.
3:29 of 1st period - Alexander Steen wins face-off versus Marcus Kruger in Canucks zone.
3:32 of 1st period - Shot by Cam Fowler.
3:32 of 1st period - Stopped by Dustin Tokarski with a rebound.
3:34 of 1st period - Shot by Alexander Edler.
3:34 of 1st period - Shot Blocked by Andrei Markov.
3:36 of 1st period - Shot by Mason Raymond.
3:36 of 1st period - Stopped by Dustin Tokarski without a rebound.
3:37 of 1st period - Jordan Eberle wins face-off versus Marcus Kruger in Canucks zone.
3:54 of 1st period - Jonas Brodin is hit by Chris Kunitz and loses puck.
4:01 of 1st period - Shot by Jordan Eberle.
4:01 of 1st period - Shot Hit the Post.
4:22 of 1st period - Shot by Alexander Edler.
4:22 of 1st period - Stopped by Dustin Tokarski with a rebound.
4:24 of 1st period - Shot by Cam Fowler.
4:24 of 1st period - Stopped by Dustin Tokarski with a rebound.
4:42 of 1st period - Shot by Justin Braun.
4:42 of 1st period - Goal by Justin Braun - Canadiens : 0 - Canucks : 2.
4:43 of 1st period - Alexander Steen wins face-off versus Ryan OReilly in neutral zone.
4:46 of 1st period - Adam Henrique is hit by Radim Vrbata and loses puck.
4:59 of 1st period - Shot by Alexander Steen.
4:59 of 1st period - Stopped by Dustin Tokarski without a rebound.
5:00 of 1st period - Marcus Kruger wins face-off versus Alexander Steen in Canucks zone.
5:21 of 1st period - Shot by Duncan Keith.
5:21 of 1st period - Shot Misses the Net.
5:25 of 1st period - Shot by Duncan Keith.
5:25 of 1st period - Shot Misses the Net.
5:46 of 1st period - Icing by Cam Fowler.
5:47 of 1st period - Vladimir Sobotka wins face-off versus Jonathan Toews in Canadiens zone.
5:53 of 1st period - Icing by Cam Fowler.
5:54 of 1st period - Jonathan Toews wins face-off versus Logan Couture in Canadiens zone.
6:01 of 1st period - Shot by Jonathan Toews.
6:01 of 1st period - Shot Misses the Net.
6:03 of 1st period - Shot by Jonathan Toews.
6:03 of 1st period - Stopped by Dustin Tokarski with a rebound.
6:05 of 1st period - Shot by Jonathan Toews.
6:05 of 1st period - Stopped by Dustin Tokarski without a rebound.
6:06 of 1st period - Vladimir Sobotka wins face-off versus Alexander Steen in Canucks zone.
6:14 of 1st period - Icing by Dan Girardi.
6:15 of 1st period - Logan Couture wins face-off versus Alexander Steen in Canadiens zone.
6:50 of 1st period - Ryan OReilly is hit by Alexander Steen and loses puck.
7:58 of 1st period - Shot by Justin Braun.
7:58 of 1st period - Shot Misses the Net.
8:00 of 1st period - Shot by Jonas Brodin.
8:00 of 1st period - Shot Blocked by Duncan Keith.
8:06 of 1st period - Shot by Adam Henrique.
8:06 of 1st period - Shot Misses the Net.
8:30 of 1st period - Shot by Nazem Kadri.
8:30 of 1st period - Shot Misses the Net.
8:36 of 1st period - Shot by Jordan Eberle.
8:36 of 1st period - Stopped by Dustin Tokarski without a rebound.
8:37 of 1st period - Marcus Kruger wins face-off versus Alexander Killorn in Canucks zone.
8:51 of 1st period - Icing by Erik Karlsson.
8:52 of 1st period - Jordan Eberle wins face-off versus Marcus Kruger in Canucks zone.
8:52 of 1st period - Cam Fowler is hit by Dmitry Kulikov and loses puck.
8:57 of 1st period - Shot by Jordan Eberle.
8:57 of 1st period - Shot Blocked by Dmitry Kulikov.
9:01 of 1st period - Shot by Jonathan Toews.
9:01 of 1st period - Shot Blocked by Marcus Kruger.
9:03 of 1st period - Shot by Jordan Eberle.
9:03 of 1st period - Shot Misses the Net.
9:21 of 1st period - Shot by Chris Kreider.
9:21 of 1st period - Stopped by Jonathan Bernier without a rebound.
9:22 of 1st period - Vladimir Sobotka wins face-off versus Manny Malhotra in Canadiens zone.
9:45 of 1st period - Martin Erat is hit by P.K. Subban and loses puck.
10:39 of 1st period - Shot by Claude Giroux.
10:39 of 1st period - Shot Blocked by Chris Kunitz.
10:48 of 1st period - Jordan Eberle is hit by Justin Braun and loses puck.
10:57 of 1st period - Shot by Claude Giroux.
10:57 of 1st period - Stopped by Jonathan Bernier without a rebound.
10:58 of 1st period - Alexander Killorn wins face-off versus Logan Couture in Canadiens zone.
11:20 of 1st period - Icing by Duncan Keith.
11:21 of 1st period - Alexander Killorn wins face-off versus Marcus Kruger in Canadiens zone.
11:30 of 1st period - Shot by Brenden Morrow.
11:30 of 1st period - Shot Misses the Net.
11:32 of 1st period - Shot by Saku Koivu.
11:32 of 1st period - Shot Blocked by P.K. Subban.
11:34 of 1st period - Shot by Alexander Killorn.
11:34 of 1st period - Shot Blocked by Marcus Kruger.
11:36 of 1st period - Shot by Brenden Morrow.
11:36 of 1st period - Shot Misses the Net.
12:25 of 1st period - Shot by Alexander Steen.
12:25 of 1st period - Stopped by Dustin Tokarski without a rebound.
12:26 of 1st period - Claude Giroux wins face-off versus Jonathan Toews in Canucks zone.
12:41 of 1st period - Shot by Andrei Markov.
12:41 of 1st period - Shot Misses the Net.
12:43 of 1st period - Shot by Adam Henrique.
12:43 of 1st period - Shot Misses the Net.
12:45 of 1st period - Shot by Ryan Johansen.
12:45 of 1st period - Stopped by Jonathan Bernier with a rebound.
13:45 of 1st period - Shot by Brent Burns.
13:45 of 1st period - Stopped by Jonathan Bernier without a rebound.
13:46 of 1st period - Logan Couture wins face-off versus Manny Malhotra in Canadiens zone.
14:11 of 1st period - Alex Pietrangelo is hit by Alexander Edler and loses puck.
14:59 of 1st period - Icing by Alexander Edler.
15:00 of 1st period - Claude Giroux wins face-off versus Manny Malhotra in Canadiens zone.
15:42 of 1st period - Radim Vrbata is hit by Ryan Johansen and loses puck.
16:39 of 1st period - Radim Vrbata is hit by Brent Burns.
17:33 of 1st period - Shot by Phil Kessel.
17:33 of 1st period - Shot Misses the Net.
17:37 of 1st period - Shot by Logan Couture.
17:37 of 1st period - Stopped by Jonathan Bernier without a rebound.
17:38 of 1st period - Adam Henrique wins face-off versus Alexander Killorn in Canadiens zone.
17:38 of 1st period - Adam Henrique is hit by Cam Fowler.
17:55 of 1st period - Icing by Cam Fowler.
17:56 of 1st period - Alexander Killorn wins face-off versus Chris Kreider in Canadiens zone.
18:27 of 1st period - Shot by Alexander Edler.
18:27 of 1st period - Shot Misses the Net.
18:29 of 1st period - Shot by Saku Koivu.
18:29 of 1st period - Shot Misses the Net.
19:07 of 1st period - Shot by Ryan Johansen.
19:07 of 1st period - Stopped by Jonathan Bernier with a rebound.
19:27 of 1st period - Shot by Ryan Johansen.
19:27 of 1st period - Shot Misses the Net.
19:29 of 1st period - Shot by Claude Giroux.
19:29 of 1st period - Stopped by Jonathan Bernier without a rebound.
19:30 of 1st period - Manny Malhotra wins face-off versus Vladimir Sobotka in Canadiens zone.
19:37 of 1st period - Jonas Brodin is hit by Martin Erat and loses puck.
Goals for this period are 0 for Canadiens vs 2 for Canucks.
Shots for this period are 10 for Canadiens vs 10 for Canucks.

2nd period


0:01 of 2nd period - Jonathan Toews wins face-off versus Logan Couture in neutral zone.
0:22 of 2nd period - Shot by Jordan Eberle.
0:22 of 2nd period - Shot Blocked by Erik Karlsson.
1:34 of 2nd period - Adam Henrique is hit by Alexander Steen and loses puck.
1:48 of 2nd period - Icing by Alex Pietrangelo.
1:49 of 2nd period - Claude Giroux wins face-off versus Alexander Killorn in Canucks zone.
2:20 of 2nd period - Brenden Morrow is hit by Nazem Kadri and loses puck.
2:42 of 2nd period - Icing by Justin Braun.
2:43 of 2nd period - Alexander Steen wins face-off versus Vladimir Sobotka in Canucks zone.
2:43 of 2nd period - Radim Vrbata is hit by Justin Braun and loses puck.
2:59 of 2nd period - Shot by Radim Vrbata.
2:59 of 2nd period - Stopped by Dustin Tokarski without a rebound.
3:00 of 2nd period - Jonathan Toews wins face-off versus Logan Couture in Canucks zone.
3:31 of 2nd period - Jordan Eberle is hit by Ryan OReilly and loses puck.
3:38 of 2nd period - Shot by Erik Karlsson.
3:38 of 2nd period - Shot Misses the Net.
4:47 of 2nd period - Icing by Alexander Edler.
4:48 of 2nd period - Vladimir Sobotka wins face-off versus Alexander Steen in Canadiens zone.
4:55 of 2nd period - Shot by Brent Burns.
4:55 of 2nd period - Shot Misses the Net.
4:57 of 2nd period - Shot by Justin Braun.
4:57 of 2nd period - Deflect By Brent Burns.
4:57 of 2nd period - Shot Misses the Net.
5:29 of 2nd period - Shot by Nazem Kadri.
5:29 of 2nd period - Goal by Nazem Kadri - Canadiens : 0 - Canucks : 3.
5:30 of 2nd period - Logan Couture wins face-off versus Manny Malhotra in neutral zone.
5:35 of 2nd period - Duncan Keith is hit by Logan Couture.
5:51 of 2nd period - Shot by Phil Kessel.
5:51 of 2nd period - Stopped by Jonathan Bernier without a rebound.
5:52 of 2nd period - Claude Giroux wins face-off versus Alexander Killorn in Canadiens zone.
5:56 of 2nd period - Minor Penalty to Steve Oleksy for High sticking.
5:57 of 2nd period - Jonathan Toews wins face-off versus Claude Giroux in Canadiens zone.
6:22 of 2nd period - Shot by Brent Burns.
6:22 of 2nd period - Stopped by Jonathan Bernier without a rebound.
6:23 of 2nd period - Logan Couture wins face-off versus Jonathan Toews in Canadiens zone.
6:38 of 2nd period - Shot by Alex Pietrangelo.
6:38 of 2nd period - Shot Misses the Net.
6:55 of 2nd period - Minor Penalty to Radim Vrbata for Goalie Interference.
6:56 of 2nd period - Claude Giroux wins face-off versus Alexander Killorn in Canadiens zone.
6:57 of 2nd period - Shot by Erik Karlsson.
6:57 of 2nd period - Shot Misses the Net.
6:59 of 2nd period - Shot by Erik Karlsson.
6:59 of 2nd period - Stopped by Jonathan Bernier with a rebound.
7:09 of 2nd period - Shot by Brent Burns.
7:09 of 2nd period - Shot Misses the Net.
7:11 of 2nd period - Shot by Ryan Johansen.
7:11 of 2nd period - Stopped by Jonathan Bernier with a rebound.
7:13 of 2nd period - Shot by Erik Karlsson.
7:13 of 2nd period - Shot Blocked by Radko Gudas.
7:18 of 2nd period - Shot by Brent Burns.
7:18 of 2nd period - Stopped by Jonathan Bernier with a rebound.
7:25 of 2nd period - Claude Giroux is hit by Radko Gudas and loses puck.
7:32 of 2nd period - Shot by Erik Karlsson.
7:32 of 2nd period - Shot Blocked by Cam Fowler.
7:34 of 2nd period - Shot by Brent Burns.
7:34 of 2nd period - Stopped by Jonathan Bernier without a rebound.
7:35 of 2nd period - Chris Kunitz wins face-off versus Logan Couture in Canadiens zone.
7:35 of 2nd period - Duncan Keith is hit by Nazem Kadri and loses puck.
7:58 of 2nd period - Shot by Alex Pietrangelo.
7:58 of 2nd period - Shot Blocked by Dan Girardi.
9:02 of 2nd period - Justin Braun is hit by Martin Erat and loses puck.
9:28 of 2nd period - Shot by Manny Malhotra.
9:28 of 2nd period - Deflect By Martin Erat.
9:28 of 2nd period - Stopped by Dustin Tokarski without a rebound.
9:29 of 2nd period - Alexander Steen wins face-off versus Claude Giroux in Canucks zone.
9:29 of 2nd period - Radim Vrbata is hit by Erik Karlsson.
9:47 of 2nd period - Shot by Radim Vrbata.
9:47 of 2nd period - Stopped by Dustin Tokarski without a rebound.
9:48 of 2nd period - Vladimir Sobotka wins face-off versus Jonathan Toews in Canucks zone.
10:12 of 2nd period - Chris Kunitz is hit by P.K. Subban and loses puck.
10:45 of 2nd period - Off-side.
10:46 of 2nd period - Alexander Steen wins face-off versus Logan Couture in neutral zone.
10:54 of 2nd period - Off-side.
10:55 of 2nd period - Alexander Steen wins face-off versus Logan Couture in neutral zone.
11:04 of 2nd period - Andrei Markov is hit by Radim Vrbata and loses puck.
12:30 of 2nd period - Cam Fowler is hit by Claude Giroux and loses puck.
13:19 of 2nd period - Alexander Edler is hit by Nazem Kadri and loses puck.
14:24 of 2nd period - Icing by Jonathan Toews.
14:25 of 2nd period - Adam Henrique wins face-off versus Jonathan Toews in Canadiens zone.
15:08 of 2nd period - Duncan Keith is hit by Justin Braun and loses puck.
15:44 of 2nd period - Shot by Vladimir Sobotka.
15:44 of 2nd period - Shot Misses the Net.
15:48 of 2nd period - Shot by Brent Burns.
15:48 of 2nd period - Stopped by Jonathan Bernier without a rebound.
15:49 of 2nd period - Manny Malhotra wins face-off versus Logan Couture in Canadiens zone.
15:49 of 2nd period - Manny Malhotra is hit by Logan Couture.
16:11 of 2nd period - Shot by Ryan OReilly.
16:11 of 2nd period - Shot Misses the Net.
17:18 of 2nd period - Shot by Brent Burns.
17:18 of 2nd period - Stopped by Jonathan Bernier without a rebound.
17:19 of 2nd period - Claude Giroux wins face-off versus Radim Vrbata in Canadiens zone.
17:34 of 2nd period - Shot by Alexander Steen.
17:34 of 2nd period - Shot Misses the Net.
17:36 of 2nd period - Shot by Mason Raymond.
17:36 of 2nd period - Shot Misses the Net.
17:38 of 2nd period - Shot by Duncan Keith.
17:38 of 2nd period - Shot Blocked by Justin Braun.
17:40 of 2nd period - Shot by Duncan Keith.
17:40 of 2nd period - Stopped by Dustin Tokarski without a rebound.
17:41 of 2nd period - Vladimir Sobotka wins face-off versus Jordan Eberle in Canucks zone.
17:57 of 2nd period - Icing by Radko Gudas.
17:58 of 2nd period - Jonathan Toews wins face-off versus Ryan Johansen in Canadiens zone.
18:07 of 2nd period - Icing by Andrei Markov.
18:08 of 2nd period - Claude Giroux wins face-off versus Alexander Steen in Canucks zone.
18:39 of 2nd period - Shot by Alexander Steen.
18:39 of 2nd period - Shot Misses the Net.
19:53 of 2nd period - Minor Penalty to Vladimir Sobotka for Tripping.
19:54 of 2nd period - Marcus Kruger wins face-off versus Radim Vrbata in Canucks zone.
19:54 of 2nd period - Marcus Kruger is hit by Radim Vrbata.
Goals for this period are 0 for Canadiens vs 1 for Canucks.
Shots for this period are 4 for Canadiens vs 9 for Canucks.

3rd period


0:01 of 3rd period - Marcus Kruger wins face-off versus Jonathan Toews in neutral zone.
0:26 of 3rd period - Jonathan Toews is hit by Logan Couture and loses puck.
0:33 of 3rd period - Shot by Jonathan Toews.
0:33 of 3rd period - Stopped by Dustin Tokarski without a rebound.
0:34 of 3rd period - Alexander Steen wins face-off versus Logan Couture in Canucks zone.
1:16 of 3rd period - Shot by Mason Raymond.
1:16 of 3rd period - Deflect By Alexander Steen.
1:16 of 3rd period - Shot Blocked by Ryan OReilly.
1:18 of 3rd period - Shot by Dan Girardi.
1:18 of 3rd period - Shot Misses the Net.
1:39 of 3rd period - Icing by Cam Fowler.
1:40 of 3rd period - Jonathan Toews wins face-off versus Marcus Kruger in Canadiens zone.
1:58 of 3rd period - Shot by Brenden Morrow.
1:58 of 3rd period - Shot Misses the Net.
2:18 of 3rd period - Shot by Nazem Kadri.
2:18 of 3rd period - Stopped by Jonathan Bernier with a rebound.
2:20 of 3rd period - Shot by Nazem Kadri.
2:20 of 3rd period - Stopped by Jonathan Bernier without a rebound.
2:21 of 3rd period - Jonathan Toews wins face-off versus Claude Giroux in Canadiens zone.
2:21 of 3rd period - Jonathan Toews is hit by Ryan Johansen.
3:14 of 3rd period - Alexander Edler is hit by Adam Henrique and loses puck.
3:21 of 3rd period - Minor Penalty to Ryan Johansen for Hooking.
3:22 of 3rd period - Alexander Steen wins face-off versus Marcus Kruger in Canucks zone.
3:25 of 3rd period - Shot by Duncan Keith.
3:25 of 3rd period - Goal by Duncan Keith - Canadiens : 1 - Canucks : 3.
3:26 of 3rd period - Logan Couture wins face-off versus Alexander Steen in neutral zone.
3:36 of 3rd period - Logan Couture is hit by Dan Girardi and loses puck.
3:49 of 3rd period - Icing by Phil Kessel.
3:50 of 3rd period - Logan Couture wins face-off versus Alexander Killorn in Canucks zone.
3:50 of 3rd period - Logan Couture is hit by Brenden Morrow.
4:00 of 3rd period - Shot by Andrei Markov.
4:00 of 3rd period - Stopped by Jonathan Bernier without a rebound.
4:01 of 3rd period - Alexander Steen wins face-off versus Claude Giroux in Canadiens zone.
4:20 of 3rd period - Shot by Claude Giroux.
4:20 of 3rd period - Shot Blocked by Dan Girardi.
4:30 of 3rd period - Shot by Alexander Steen.
4:30 of 3rd period - Shot Misses the Net.
4:36 of 3rd period - Shot by Alexander Steen.
4:36 of 3rd period - Shot Misses the Net.
4:40 of 3rd period - Shot by Alexander Steen.
4:40 of 3rd period - Shot Blocked by P.K. Subban.
6:09 of 3rd period - Icing by Andrei Markov.
6:10 of 3rd period - Manny Malhotra wins face-off versus Logan Couture in Canucks zone.
6:10 of 3rd period - Manny Malhotra is hit by Erik Karlsson.
6:36 of 3rd period - Off-side.
6:37 of 3rd period - Vladimir Sobotka wins face-off versus Alexander Killorn in neutral zone.
7:44 of 3rd period - Jonas Brodin is hit by Radko Gudas and loses puck.
8:29 of 3rd period - Shot by Jordan Eberle.
8:29 of 3rd period - Shot Misses the Net.
8:39 of 3rd period - Shot by Jordan Eberle.
8:39 of 3rd period - Stopped by Dustin Tokarski without a rebound.
8:40 of 3rd period - Logan Couture wins face-off versus Manny Malhotra in Canucks zone.
9:11 of 3rd period - Shot by Logan Couture.
9:11 of 3rd period - Shot Misses the Net.
11:40 of 3rd period - Shot by Nazem Kadri.
11:40 of 3rd period - Shot Blocked by Radko Gudas.
11:55 of 3rd period - Shot by Nazem Kadri.
11:55 of 3rd period - Shot Misses the Net.
12:02 of 3rd period - Off-side.
12:03 of 3rd period - Marcus Kruger wins face-off versus Alexander Killorn in neutral zone.
12:03 of 3rd period - Phil Kessel is hit by Brenden Morrow and loses puck.
12:07 of 3rd period - Off-side.
12:08 of 3rd period - Alexander Killorn wins face-off versus Phil Kessel in neutral zone.
12:33 of 3rd period - Icing by Dan Girardi.
12:34 of 3rd period - Saku Koivu wins face-off versus Claude Giroux in Canadiens zone.
12:34 of 3rd period - Saku Koivu is hit by Claude Giroux.
12:50 of 3rd period - Shot by Claude Giroux.
12:50 of 3rd period - Shot Misses the Net.
13:23 of 3rd period - Icing by Claude Giroux.
13:24 of 3rd period - Claude Giroux wins face-off versus Radim Vrbata in Canucks zone.
13:41 of 3rd period - Ryan OReilly is hit by Radim Vrbata and loses puck.
13:51 of 3rd period - Icing by P.K. Subban.
13:52 of 3rd period - Manny Malhotra wins face-off versus Logan Couture in Canucks zone.
14:28 of 3rd period - Alexander Edler is hit by Logan Couture.
14:59 of 3rd period - Alexander Steen is hit by P.K. Subban and loses puck.
15:02 of 3rd period - Shot by Mason Raymond.
15:02 of 3rd period - Stopped by Dustin Tokarski with a rebound.
15:04 of 3rd period - Shot by Duncan Keith.
15:04 of 3rd period - Shot Blocked by P.K. Subban.
15:08 of 3rd period - Shot by Mason Raymond.
15:08 of 3rd period - Stopped by Dustin Tokarski without a rebound.
15:09 of 3rd period - Claude Giroux wins face-off versus Jonathan Toews in Canucks zone.
15:09 of 3rd period - Claude Giroux is hit by Chris Kunitz.
15:30 of 3rd period - Jonathan Toews is hit by Erik Karlsson.
15:50 of 3rd period - Chris Kunitz is hit by Erik Karlsson and loses puck.
15:58 of 3rd period - Icing by Erik Karlsson.
15:59 of 3rd period - Claude Giroux wins face-off versus Alexander Steen in Canucks zone.
15:59 of 3rd period - Claude Giroux is hit by Radim Vrbata.
16:00 of 3rd period - Minor Penalty to Mason Raymond for Hooking.
16:01 of 3rd period - Logan Couture wins face-off versus Jonathan Toews in Canadiens zone.
16:02 of 3rd period - Shot by Erik Karlsson.
16:02 of 3rd period - Goal by Erik Karlsson - Canadiens : 1 - Canucks : 4.
16:03 of 3rd period - Vladimir Sobotka wins face-off versus Alexander Steen in neutral zone.
16:36 of 3rd period - Shot by Alexander Steen.
16:36 of 3rd period - Stopped by Dustin Tokarski without a rebound.
16:37 of 3rd period - Jonathan Toews wins face-off versus Ryan OReilly in Canucks zone.
16:59 of 3rd period - Off-side.
17:00 of 3rd period - Claude Giroux wins face-off versus Alexander Killorn in neutral zone.
17:16 of 3rd period - Off-side.
17:17 of 3rd period - Alexander Steen wins face-off versus Logan Couture in neutral zone.
17:29 of 3rd period - Shot by Alexander Steen.
17:29 of 3rd period - Stopped by Dustin Tokarski without a rebound.
17:30 of 3rd period - Jonathan Toews wins face-off versus Claude Giroux in Canucks zone.
17:49 of 3rd period - Shot by Chris Kunitz.
17:49 of 3rd period - Stopped by Dustin Tokarski without a rebound.
17:50 of 3rd period - Logan Couture wins face-off versus Alexander Steen in Canucks zone.
18:27 of 3rd period - Shot by Dan Girardi.
18:27 of 3rd period - Stopped by Dustin Tokarski with a rebound.
18:29 of 3rd period - Shot by Alexander Steen.
18:29 of 3rd period - Goal by Alexander Steen - Canadiens : 2 - Canucks : 4.
18:30 of 3rd period - Vladimir Sobotka wins face-off versus Saku Koivu in neutral zone.
19:09 of 3rd period - Shot by Nazem Kadri.
19:09 of 3rd period - Stopped by Jonathan Bernier without a rebound.
19:10 of 3rd period - Logan Couture wins face-off versus Manny Malhotra in Canadiens zone.
19:35 of 3rd period - Duncan Keith is hit by Ryan OReilly and loses puck.
19:48 of 3rd period - Shot by Phil Kessel.
19:48 of 3rd period - Stopped by Jonathan Bernier without a rebound.
19:49 of 3rd period - Alexander Steen wins face-off versus Claude Giroux in Canadiens zone.
19:51 of 3rd period - Radko Gudas is hit by Adam Henrique.
Goals for this period are 2 for Canadiens vs 1 for Canucks.
Shots for this period are 10 for Canadiens vs 6 for Canucks.


Output by the SimonT Hockey Simulator (STHS) for Stephane Roy -- Original Page W3C XHTML 1.0 Valid
Hockey Simulator - Hockey Simulation - Hockey Manager